 Dungeon Crawl Stone Soup version 0.13-a0-2907-g70ca29e (webtiles) character file.

1320 PolkaDot the Ruinous (level 8, -22/50 HPs)
             Began as a Vampire Wizard on Aug 31, 2013.
             Was an Initiate of Vehumet.
             Killed from afar by Kabixx's ghost (33 damage)
             ... with an orb of energy
             ... on Level 5 of the Dungeon.
             The game lasted 00:44:23 (5521 turns).

PolkaDot the Ruinous (Vampire Wizard)               Turns: 5521, Time: 00:44:24

HP -22/50        AC  5     Str  6      XL: 8   Next: 18%
MP  14/18        EV 12     Int 27      God: Vehumet [......]
Gold 141         SH  0     Dex 10 (12) Spells:  2 memorised,  9 levels left

Res.Fire  : . . .   See Invis. : +   o - +0 elf falchion (flame)
Res.Cold  : . . .   Warding    : .   a - +0 robe
Life Prot.: . . .   Conserve   : .   (no shield)
Res.Poison: .       Res.Corr.  : .   b - +0 wizard hat
Res.Elec. : .       Clarity    : .   m - +1 cloak
Sust.Abil.: . .     Spirit.Shd : .   k - +0 pair of elf gauntlets
Res.Mut.  : .       Stasis     : .   (no boots)
Res.Rott. : .       Flight     : .   (no amulet)
Saprovore : . . .                    (no ring)
                                     e - ring of protection from magic

@: regenerating quickly, brilliant, very slightly contaminated, quite resistant
to hostile enchantments, fairly stealthy
A: bottle blood, fangs 3, see invisible, unbreathing
a: Bottle Blood, Renounce Religion


You were on level 5 of the Dungeon.
You worshipped Vehumet.
Vehumet was pleased with you.
You were very full.

You visited 2 branches of the dungeon, and saw 6 of its levels.

You collected 218 gold pieces.
You spent 97 gold pieces at shops.

Inventory:

Hand weapons
 o - a +0,+0 elven falchion of flaming (weapon)
Armour
 a - a +0 robe (worn)
 b - a +0 wizard hat (worn)
 k - a +0 pair of elven gauntlets (worn)
 m - a +1 cloak (worn)
Magical devices
 d - a wand of cold (4)
Scrolls
 f - a scroll of fog
 g - 2 scrolls of identify
 j - a scroll of enchant weapon II
 l - a scroll of teleportation
 n - a scroll of recharging {unknown}
 p - 2 scrolls of enchant armour {unknown}
Jewellery
 e - a ring of protection from magic (left hand)
Books
 c - a book of Minor Magic

   Spells                             Type                      Level
   *Magic Dart                        Conjuration                  1
   Blink                              Translocation                2
   Call Imp                           Summoning                    2
   Repel Missiles                     Charms/Air                   2
   Slow                               Hexes                        2
   *Conjure Flame                     Conjuration/Fire             3
   Mephitic Cloud                     Conjuration/Poison/Air       3


   Skills:
 - Level 2.1 Dodging
 - Level 3.0 Stealth
 - Level 3.0 Spellcasting
 * Level 7.5 Conjurations
   Level 1.0 Summonings
   Level 0.7 Translocations


You had 9 spell levels left.
You knew the following spells:

 Your Spells              Type           Power        Failure   Level  Hunger
a - Magic Dart            Conj           ####         1%          1    None
s - Conjure Flame         Conj/Fire      #####...     1%          3    ###....


Dungeon Overview and Level Annotations

Branches:
Dungeon (5/27)             Temple (1/1) D:5

Altars:
Ashenzari
Elyvilon
Fedhas
Kikubaaqudgha
Nemelex Xobeh
Okawaru
Sif Muna
Trog
Vehumet
Xom
Yredelemnul
Zin
the Shining One

Shops:
D:5 ?}}[

Annotations:
D:5 Kabixx's ghost, experienced OpCj


Innate Abilities, Weirdness & Mutations

Your natural rate of healing is unusually fast.
You can bottle blood from corpses.
You have razor-sharp teeth.*
You have supernaturally acute eyesight.
You can survive without breathing.*


Message History

As you read the scroll of blinking, it crumbles to dust.
You are very lightly contaminated with residual magic.
You start resting.
A battlesphere is nearby!
A battlesphere is nearby!
You aren't carrying any potions.
Read which item? (? for menu, Esc to quit)
As you read the scroll of teleportation, it crumbles to dust.
You feel strangely unstable.
Kabixx's ghost gestures at you while chanting.
The magic dart hits you!
* * * LOW HITPOINT WARNING * * *
The battlesphere fires!
The barrage of energy hits you!
* * * LOW HITPOINT WARNING * * *
Your surroundings suddenly seem different.
There is a stone staircase leading up here.
Kabixx's ghost gestures at you while chanting.
The orb of energy hits you!
Ouch! That really hurt!
You die...

......# ##.##........#.#
##(#.####........###.#.#
........#..........#.#.#
##.....[#........#.#.#.#
##......#......<.#.#.#.#
.......................#
.......................#
.......##..)#####...#..#
......∩....).*..@...#..#
.......##..p#####......#
##..##.##...########...#
#8..8#.....p...*p......#
...>..#.#..............#
........#...########...#
#8..8####...# #...#
##..#####...# #...#
#..........# #p..#


You could see Kabixx's ghost.

Vanquished Creatures
  The ghost of katzbalger the Magician, an average HuFi (D:3)
  Edmund (D:5)
  A sky beast (D:4)
  3 ogres
  A giant frog (D:3)
  A crimson imp (D:5)
  A hound (D:4)
  2 orc priests
  A scorpion (D:5)
  An orc wizard (D:4)
  4 worker ants
  An ogre skeleton (D:5)
  3 gnolls (D:2)
  9 adders
  2 giant mites
  2 worms (D:5)
  5 giant geckos
  2 oozes
  9 orcs
  3 giant cockroaches
  A giant mite zombie (D:4)
  7 hobgoblins
  7 jackals (D:1)
  9 kobolds
  4 quokkas
  2 ball pythons (D:3)
  9 bats
  7 giant newts
  11 goblins
  A jackal skeleton (D:4)
  A kobold skeleton (D:3)
  14 rats
126 creatures vanquished.

Notes
Turn   | Place    | Note
--------------------------------------------------------------
     0 | D:1      | PolkaDot, the Vampire Wizard, began the quest for the Orb.
     0 | D:1      | Reached XP level 1. HP: 11/11 MP: 6/6
   109 | D:1      | Reached skill level 1 in Conjurations
   217 | D:1      | Reached XP level 2. HP: 17/17 MP: 0/8
   673 | D:2      | Reached XP level 3. HP: 16/22 MP: 2/10
   757 | D:2      | Found a glowing golden altar of the Shining One.
  1132 | D:2      | Learned a level 3 spell: Conjure Flame
  1460 | D:2      | Reached XP level 4. HP: 22/28 MP: 4/12
  2401 | D:3      | Noticed katzbalger's ghost (average HuFi)
  2441 | D:3      | Killed katzbalger's ghost
  2441 | D:3      | Reached skill level 4 in Conjurations
  2441 | D:3      | Reached XP level 5. HP: 16/33 MP: 0/13
  2705 | D:3      | Reached XP level 6. HP: 39/39 MP: 15/15
  2723 | D:3      | Noticed a giant frog
  2792 | D:3      | Killed a giant frog
  2913 | D:3      | Reached skill level 5 in Conjurations
  3783 | D:4      | Reached XP level 7. HP: 44/44 MP: 1/17
  4020 | D:4      | Reached skill level 6 in Conjurations
  4299 | D:5      | Entered Level 5 of the Dungeon
  4320 | D:5      | Found Etifodu's Antique Armour Shoppe.
  4475 | D:5      | Bought a pair of elven gauntlets for 39 gold pieces
  4475 | D:5      | Bought a cloak for 28 gold pieces
  4654 | D:5      | Found a staircase to the Ecumenical Temple.
  4654 | D:5      | Noticed Kabixx's ghost (experienced OpCj)
  4665 | Temple   | Entered the Ecumenical Temple
  4880 | Temple   | Became a worshipper of Vehumet
  4908 | D:5      | Found Wafott's Gadget Shop.
  4926 | D:5      | Noticed Edmund
  4949 | D:5      | Killed Edmund
  4949 | D:5      | Reached skill level 7 in Conjurations
  5007 | D:5      | Reached XP level 8. HP: 28/50 MP: 2/18
  5416 | D:5      | Found Liblaj's Magic Scroll Shoppe.
  5418 | D:5      | Found Strem's Gadget Shoppe.
  5424 | D:5      | Bought a scroll of teleportation for 30 gold pieces
  5521 | D:5      | Killed from afar by Kabixx's ghost

Action                   |  1- 3 |  4- 6 |  7- 9 || total
-------------------------+-------+-------+-------++-------
Melee: Unarmed           |    37 |     3 |     1 ||    41
       Dagger            |       |       |    11 ||    11
 Cast: Magic Dart        |    85 |   162 |   128 ||   375
       Conjure Flame     |     2 |    17 |    12 ||    31
 Abil: Bottle Blood      |       |     1 |       ||     1
       End Transformatio |       |       |     1 ||     1
       Bat Form          |       |       |     1 ||     1
Evoke: Wand              |       |       |     1 ||     1
  Use: Potion            |     4 |     4 |     6 ||    14
       Scroll            |     2 |     1 |     9 ||    12
 Stab: Sleeping          |       |       |     1 ||     1
